PL
TOLEDO STINGERS @ CHICAGO GOLD SOX
05/22/2034
 
TOP OF THE 1ST
Toledo Stingers batting - Pitching for Chicago Gold Sox : RHP Ryunosuke Kurota
Pitching: RHP Ryunosuke Kurota
Batting: RHB Alfredo Martínez 0-0: Called Strike
0-1: Ball
1-1: Foul Ball, location: 2F
1-2: Ball
2-2: Strikes out swinging, 2-3 out at first.
Batting: LHB Francisco Alfaro 0-0: Foul Ball, location: 2F
0-1: Ball
1-1: SINGLE (Groundball, 4D)
Batting: LHB Kyoji Hakoda 0-0: Ball
1-0: Ball
2-0: Ball
3-0: Called Strike
3-1: Foul Ball, location: 2F
3-2: Strikes out swinging
Throwing error on steal attempt, E2
Francisco Alfaro to third
Batting: LHB Tural Bishara 0-0: Ball
1-0: 2-RUN HOME RUN (Flyball, 7LD), Distance : 353 ft
Batting: SHB Dylan Carson 0-0: Called Strike
0-1: Ball
1-1: Foul Ball, location: 2F
1-2: SINGLE (Groundball, 6MD)
Batting: RHB Tamasaburo Kato 0-0: Ball
Dylan Carson is caught stealing 2nd base
Top of the 1st over - 2 runs, 3 hits, 1 error, 0 left on base; Toledo 2 - Chicago 0
BOTTOM OF THE 1ST
Chicago Gold Sox batting - Pitching for Toledo Stingers : RHP Danny Bystrom
Pitching: RHP Danny Bystrom
Batting: RHB Mario Álvarez 0-0: Called Strike
0-1: Foul Ball, location: 2F
0-2: Strikes out looking
Batting: RHB Shimei Miura 0-0: Ball
1-0: Ground out 5-3 (Groundball, 56)
Batting: LHB William O'Keefe 0-0: Ball
1-0: Fly out, F9 (Flyball, 89M)
Bottom of the 1st over - 0 runs, 0 hits, 0 errors, 0 left on base; Toledo 2 - Chicago 0
TOP OF THE 2ND
Toledo Stingers batting - Pitching for Chicago Gold Sox : RHP Ryunosuke Kurota
Batting: RHB Tamasaburo Kato 0-0: Ball
1-0: Swinging Strike
1-1: Swinging Strike
1-2: Foul Ball, location: 2F
1-2: Ball
2-2: Foul Ball, location: 2F
2-2: Strikes out swinging
Batting: RHB Brett Callison 0-0: Ball
1-0: Ball
2-0: Called Strike
2-1: Fly out, F5 (Line Drive, 5)
Batting: RHB Héctor Rivera 0-0: Swinging Strike
0-1: Ball
1-1: Ball
2-1: Ball
3-1: Base on Balls
Batting: RHB Pedro Álvarez 0-0: Foul Ball, location: 2F
0-1: Foul Ball, location: 2F
0-2: Ball
1-2: Foul Ball, location: 2F
1-2: Strikes out swinging
Top of the 2nd over - 0 runs, 0 hits, 0 errors, 1 left on base; Toledo 2 - Chicago 0
BOTTOM OF THE 2ND
Chicago Gold Sox batting - Pitching for Toledo Stingers : RHP Danny Bystrom
Batting: RHB Ramón Rodríguez 0-0: Ground out 6-3 (Groundball, 6)
Batting: SHB Valentín Guzmán 0-0: Called Strike
0-1: Ball
1-1: Ball
2-1: Ball
3-1: Base on Balls
Batting: LHB Count Dante 0-0: Ball
Wild Pitch!
Valentín Guzmán to second
1-0: Fly out, F7 (Flyball, 78S)
Batting: RHB Jay Hood 0-0: Called Strike
0-1: Ball
1-1: Fly out, F9 (Flyball, 9LD)
Bottom of the 2nd over - 0 runs, 0 hits, 0 errors, 1 left on base; Toledo 2 - Chicago 0
TOP OF THE 3RD
Toledo Stingers batting - Pitching for Chicago Gold Sox : RHP Ryunosuke Kurota
Batting: RHB Alfredo Martínez 0-0: Called Strike
0-1: Ball
1-1: Foul Ball, location: 2F
1-2: Foul Ball, location: 2F
1-2: Ball
2-2: Foul Ball, location: 2F
2-2: Foul Ball, location: 2F
2-2: Ball
3-2: Ground out 5-3 (Groundball, 5S)
Batting: LHB Francisco Alfaro 0-0: Called Strike
0-1: SINGLE (Flyball, 9S)
Batting: LHB Kyoji Hakoda 0-0: Ball
1-0: Swinging Strike
1-1: Foul Ball, location: 2F
1-2: Ball
2-2: Strikes out swinging
Batting: LHB Tural Bishara 0-0: Ball
1-0: SINGLE (Line Drive, 34)
Francisco Alfaro to second
Batting: SHB Dylan Carson 0-0: Ball
1-0: Called Strike
1-1: Ball
2-1: Swinging Strike
2-2: Ball
3-2: Base on Balls
Francisco Alfaro to third
Tural Bishara to second
Batting: RHB Tamasaburo Kato 0-0: Fly out, F8 (Flyball, 8RM)
Top of the 3rd over - 0 runs, 2 hits, 0 errors, 3 left on base; Toledo 2 - Chicago 0
BOTTOM OF THE 3RD
Chicago Gold Sox batting - Pitching for Toledo Stingers : RHP Danny Bystrom
Batting: LHB Miguel Gazivoda 0-0: Ball
1-0: Ball
2-0: Called Strike
2-1: Swinging Strike
2-2: Ball
3-2: Base on Balls
Batting: LHB Shigenobu Ohayashi 0-0: Fielders Choice at 2nd, 6-4 (Groundball, 6)
Batting: RHB Mario Álvarez 0-0: Ball
1-0: Foul Ball, location: 2F
1-1: Grounds into double play, 4-6-3 (Groundball, 4M)
Bottom of the 3rd over - 0 runs, 0 hits, 0 errors, 0 left on base; Toledo 2 - Chicago 0
TOP OF THE 4TH
Toledo Stingers batting - Pitching for Chicago Gold Sox : RHP Ryunosuke Kurota
Batting: RHB Brett Callison 0-0: Called Strike
0-1: Ball
1-1: Ground out 6-3 (Groundball, 6)
Batting: RHB Héctor Rivera 0-0: Foul Ball, location: 2F
0-1: Swinging Strike
0-2: Strikes out swinging
Batting: RHB Pedro Álvarez 0-0: Ball
1-0: Swinging Strike
1-1: Ball
2-1: Foul Ball, location: 2F
2-2: Foul Ball, location: 2F
2-2: Ground out 6-3 (Groundball, 6)
Top of the 4th over - 0 runs, 0 hits, 0 errors, 0 left on base; Toledo 2 - Chicago 0
BOTTOM OF THE 4TH
Chicago Gold Sox batting - Pitching for Toledo Stingers : RHP Danny Bystrom
Batting: RHB Shimei Miura 0-0: Called Strike
0-1: SOLO HOME RUN (Flyball, 7D), Distance : 383 ft
Batting: LHB William O'Keefe 0-0: Ball
1-0: Ball
2-0: Foul Ball, location: 2F
2-1: Foul Ball, location: 2F
2-2: Foul Ball, location: 2F
2-2: Strikes out swinging
Batting: RHB Ramón Rodríguez 0-0: Ball
1-0: Ball
2-0: Ball
3-0: Called Strike
3-1: Foul Ball, location: 2F
3-2: DOUBLE (Groundball, 5L)
Batting: SHB Valentín Guzmán 0-0: Fly out, F8 (Flyball, 8RM)
Batting: LHB Count Dante 0-0: Swinging Strike
0-1: Fly out, F8 (Flyball, 78M)
Bottom of the 4th over - 1 run, 2 hits, 0 errors, 1 left on base; Toledo 2 - Chicago 1
TOP OF THE 5TH
Toledo Stingers batting - Pitching for Chicago Gold Sox : RHP Ryunosuke Kurota
Batting: RHB Alfredo Martínez 0-0: Called Strike
0-1: Foul Ball, location: 2F
0-2: Foul Ball, location: 2F
0-2: Ball
1-2: SOLO HOME RUN (Flyball, 7D), Distance : 397 ft
Batting: LHB Francisco Alfaro 0-0: Called Strike
0-1: SINGLE (Flyball, 9LS)
Batting: LHB Kyoji Hakoda 0-0: Grounds into double play, 4-6-3 (Groundball, 4)
Batting: LHB Tural Bishara 0-0: Called Strike
0-1: Ball
1-1: Ball
2-1: Ground out U3 (Groundball, 34)
Top of the 5th over - 1 run, 2 hits, 0 errors, 0 left on base; Toledo 3 - Chicago 1
BOTTOM OF THE 5TH
Chicago Gold Sox batting - Pitching for Toledo Stingers : RHP Danny Bystrom
Batting: RHB Jay Hood 0-0: Ball
1-0: Called Strike
1-1: Called Strike
1-2: Ground out 5-3 (Groundball, 2L)
Batting: LHB Miguel Gazivoda 0-0: Foul Ball, location: 2F
0-1: Ball
1-1: DOUBLE (Groundball, 3L)
Batting: LHB Shigenobu Ohayashi 0-0: Ball
1-0: Called Strike
1-1: Ball
2-1: Ball
3-1: Base on Balls
Batting: RHB Mario Álvarez 0-0: Ball
1-0: Swinging Strike
1-1: Ball
2-1: Swinging Strike
2-2: Ball
3-2: Base on Balls
Miguel Gazivoda to third
Shigenobu Ohayashi to second
Batting: RHB Shimei Miura 0-0: Ball
1-0: Called Strike
1-1: GRAND SLAM HOME RUN (Line Drive, 7LD), Distance : 362 ft
Batting: LHB William O'Keefe 0-0: Ball
1-0: Foul Ball, location: 2F
1-1: SINGLE (Groundball, 34D)
Batting: RHB Ramón Rodríguez 0-0: Ball
1-0: Swinging Strike
1-1: Ball
2-1: Grounds into double play, 6-4-3 (Groundball, 6)
Bottom of the 5th over - 4 runs, 3 hits, 0 errors, 0 left on base; Toledo 3 - Chicago 5
TOP OF THE 6TH
Toledo Stingers batting - Pitching for Chicago Gold Sox : RHP Ryunosuke Kurota
Batting: SHB Dylan Carson 0-0: Ball
1-0: Ball
2-0: Ball
3-0: Called Strike
3-1: Foul Ball, location: 2F
3-2: Foul Ball, location: 2F
3-2: Strikes out swinging
Batting: RHB Tamasaburo Kato 0-0: Ball
1-0: Ground out 5-3 (Groundball, 56S)
Batting: RHB Brett Callison 0-0: Swinging Strike
0-1: Fly out, F4 (Popup, 34D)
Top of the 6th over - 0 runs, 0 hits, 0 errors, 0 left on base; Toledo 3 - Chicago 5
BOTTOM OF THE 6TH
Chicago Gold Sox batting - Pitching for Toledo Stingers : RHP Danny Bystrom
Batting: SHB Valentín Guzmán 0-0: Single, Error in OF, E9, batter to second base
Batting: LHB Count Dante 0-0: Ball
1-0: Ball
2-0: Ball
3-0: Base on Balls
Batting: RHB Jay Hood 0-0: Sac Bunt - play at first, batter safe!
Valentín Guzmán to third
Count Dante to second
Batting: LHB Miguel Gazivoda 0-0: Called Strike
0-1: Ball
1-1: Ball
2-1: Called Strike
2-2: SINGLE (Groundball, 4MD)
Valentín Guzmán scores
Count Dante to third
Jay Hood to second
Pitching: RHP Melvin Tiburcio
Batting: LHB Shigenobu Ohayashi 0-0: Foul Ball, location: 2F
0-1: Foul Ball, location: 2F
0-2: Foul Ball, location: 2F
0-2: Grounds into double play, 4-2-3 (Groundball, 34)
Jay Hood to third
Miguel Gazivoda to second
Batting: RHB Mario Álvarez 0-0: Fly out, F8 (Flyball, 8LD)
Bottom of the 6th over - 1 run, 3 hits, 1 error, 2 left on base; Toledo 3 - Chicago 6
TOP OF THE 7TH
Toledo Stingers batting - Pitching for Chicago Gold Sox : RHP Ryunosuke Kurota
Batting: RHB Héctor Rivera 0-0: Ball
1-0: Foul Ball, location: 2F
1-1: Ground out U3 (Groundball, 34S)
Batting: RHB Pedro Álvarez 0-0: SINGLE (Line Drive, 6M)
Pitching: RHP Juan Carlos Cruz
Batting: RHB Alfredo Martínez 0-0: Ground out U3 (Groundball, 34)
Pedro Álvarez to second
Batting: LHB Francisco Alfaro 0-0: Called Strike
0-1: SINGLE (Groundball, 3L) (infield hit)
Pedro Álvarez to third
Batting: LHB Kyoji Hakoda 0-0: Called Strike
0-1: Foul Ball, location: 2F
0-2: Ball
1-2: Foul Ball, location: 2F
1-2: Fly out, F7 (Flyball, 78D)
Top of the 7th over - 0 runs, 2 hits, 0 errors, 2 left on base; Toledo 3 - Chicago 6
BOTTOM OF THE 7TH
Chicago Gold Sox batting - Pitching for Toledo Stingers : RHP Melvin Tiburcio
Batting: RHB Shimei Miura 0-0: Ball
1-0: Swinging Strike
1-1: Ball
2-1: Ball
3-1: Base on Balls
Batting: LHB William O'Keefe 0-0: Ball
1-0: Called Strike
1-1: Ball
2-1: Grounds into double play, 4-6-3 (Groundball, 4)
Batting: RHB Ramón Rodríguez 0-0: Ball
1-0: Foul Ball, location: 2F
1-1: Ball
2-1: Swinging Strike
2-2: Ball
3-2: Foul Ball, location: 2F
3-2: Foul Ball, location: 2F
3-2: Foul Ball, location: 2F
3-2: Foul Ball, location: 2F
3-2: Strikes out swinging
Bottom of the 7th over - 0 runs, 0 hits, 0 errors, 0 left on base; Toledo 3 - Chicago 6
TOP OF THE 8TH
Toledo Stingers batting - Pitching for Chicago Gold Sox : RHP Juan Carlos Cruz
Batting: LHB Tural Bishara 0-0: Called Strike
0-1: Foul Ball, location: 2F
0-2: SINGLE (Groundball, 6MD)
Batting: SHB Dylan Carson 0-0: Ball
1-0: Ball
2-0: Called Strike
2-1: Called Strike
2-2: SINGLE (Groundball, 34)
Tural Bishara to second
Runner from 2nd tries for 3rd, SAFE, no throw
Batting: RHB Tamasaburo Kato 0-0: Ball
1-0: Ground out 6-3 (Groundball, 56D)
Tural Bishara scores
Dylan Carson to second
Batting: RHB Brett Callison 0-0: Swinging Strike
0-1: Ball
1-1: Swinging Strike
1-2: Strikes out swinging
Batting: RHB Héctor Rivera 0-0: Foul Ball, location: 2F
0-1: Ball
1-1: Foul Ball, location: 2F
1-2: SINGLE (Line Drive, 8RS)
Dylan Carson to third
Runner from 3rd tries for Home, throw and OUT!
Top of the 8th over - 1 run, 3 hits, 0 errors, 1 left on base; Toledo 4 - Chicago 6
BOTTOM OF THE 8TH
Chicago Gold Sox batting - Pitching for Toledo Stingers : RHP Melvin Tiburcio
Batting: SHB Valentín Guzmán 0-0: Swinging Strike
0-1: Ball
1-1: Foul Ball, location: 2F
1-2: Strikes out swinging
Batting: LHB Count Dante 0-0: Ball
1-0: Ball
2-0: Ball
3-0: Base on Balls
Batting: RHB Jay Hood 0-0: Called Strike
0-1: Ball
1-1: Ball
2-1: Fly out, F8 (Flyball, 8LXD)
Batting: LHB Miguel Gazivoda 0-0: Ball
1-0: Foul Ball, location: 2F
1-1: Ball
2-1: Ball
3-1: Base on Balls
Count Dante to second
Batting: LHB Shigenobu Ohayashi 0-0: Ball
1-0: Called Strike
1-1: Foul Ball, location: 2F
1-2: Fly out, F9 (Line Drive, 9S)
Bottom of the 8th over - 0 runs, 0 hits, 0 errors, 2 left on base; Toledo 4 - Chicago 6
TOP OF THE 9TH
Toledo Stingers batting - Pitching for Chicago Gold Sox : RHP Juan Carlos Cruz
Pitching: LHP Esteban Jiménez
Batting: RHB Pedro Álvarez 0-0: Called Strike
0-1: Ball
1-1: Ball
2-1: Fly out, F8 (Flyball, 8RM)
Batting: RHB Alfredo Martínez 0-0: Called Strike
0-1: Swinging Strike
0-2: Fly out, F9 (Flyball, 9S)
Batting: LHB Francisco Alfaro 0-0: Foul Ball, location: 2F
0-1: Called Strike
0-2: Ball
1-2: Ball
2-2: Foul Ball, location: 2F
2-2: Ball
3-2: Strikes out looking
Top of the 9th over - 0 runs, 0 hits, 0 errors, 0 left on base; Toledo 4 - Chicago 6
Friday, March 29th, 2019 - OOTP Baseball 18.8 Build 76